 Dungeon Crawl Stone Soup version 0.21.1-1-g345015f (webtiles) character file.

174628 garbagetei the Protected (level 17, -3/108 HPs)
             Began as a Gargoyle Fire Elementalist on Feb 8, 2018.
             Was a High Priest of Ashenzari.
             Slain by a salamander
             ... wielding a +0 halberd
              (15 damage)
             ... on level 1 of the Snake Pit.
             The game lasted 02:57:34 (50651 turns).

garbagetei the Protected (GrFE)                    Turns: 50651, Time: 02:57:35

Health: -3/108     AC: 28    Str: 17    XL:     17   Next: 79%
Magic:  3/34       EV: 13    Int: 25    God:    Ashenzari [*****.]
Gold:   1711       SH:  5    Dex: 13    Spells: 15/42 levels left

rFire    . . .     SeeInvis +   I - staff of summoning (curse)
rCold    . . .     Gourm    +   m - +0 buckler
rNeg     + . .     Faith    .   H - +1 leather armour of the Valley of Death {Int+4 Dex+3}
rPois    ∞         Spirit   .   Y - +2 hat {MR+} (curse)
rElec    +         Reflect  .   T - +1 cloak {rPois} (curse)
rCorr    .         Harm     .   d - +2 pair of gloves {Str+3} (curse)
MR       +++..     Clarity  +   V - +0 pair of boots (curse)
Stlth    ++........             S - amulet of the gourmand (curse)
HPRegen  0.28/turn              E - ring of protection from magic (curse)
MPRegen  0.24/turn              (no ring)

@: about to teleport, flying
A: big wings, negative energy resistance 1, electricity resistance, unbreathing,
petrification resistance, rot immunity, AC +12
}: 1/15 runes: barnacled
a: Stop Flying, Curse Item, Scrying, Transfer Knowledge, Renounce Religion


You were on level 1 of the Snake Pit.
You worshipped Ashenzari.
Ashenzari was extremely pleased with you.
You were full.

You visited 7 branches of the dungeon, and saw 29 of its levels.

You collected 2236 gold pieces.
You spent 525 gold pieces at shops.

Inventory:

Hand Weapons
 e - a +3 hunting sling of velocity
Missiles
 G - 226 stones (quivered)
Armour
 d - a cursed +2 pair of gloves of strength (worn)
 m - a +0 buckler (worn)
 H - the +1 leather armour of the Valley of Death (worn) {Int+4 Dex+3}
   (You took it off an orc on level 7 of the Dungeon)

   It affects your intelligence (+4).
   It affects your dexterity (+3).
 T - a cursed +1 cloak of poison resistance (worn)
 V - a cursed +0 pair of boots (worn)
 Y - a cursed +2 hat of magic resistance (worn)
Magical Staves
 C - an uncursed staff of earth
 I - a cursed staff of summoning (weapon)
Jewellery
 l - an uncursed amulet of magic regeneration
 E - a cursed ring of protection from magic (left hand)
 F - an uncursed ring of fire
 S - a cursed amulet of the gourmand (around neck)
Wands
 r - a wand of random effects (22)
 t - a wand of iceblast (19)
 y - a wand of scattershot (3)
 J - a wand of flame (62)
 M - a wand of paralysis (12)
 O - a wand of polymorph (3)
 P - a wand of digging (28)
 Z - a wand of acid (12)
Scrolls
 b - a scroll of magic mapping
 h - a scroll of holy word
 j - a scroll of noise
 n - 9 scrolls of enchant weapon
 q - 8 scrolls of teleportation
 s - 2 scrolls of fog
 A - 2 scrolls of immolation
 B - 5 scrolls of amnesia
 K - a scroll of identify
 L - 11 scrolls of remove curse
 N - a scroll of silence
 Q - 2 scrolls of vulnerability
 R - a scroll of enchant armour
Potions
 a - 2 potions of brilliance
 f - 2 potions of berserk rage
 g - a potion of heal wounds
 i - 5 potions of lignification
 o - 6 potions of agility
 p - 9 potions of curing
 u - 5 potions of might
 x - a potion of invisibility
 z - 5 potions of degeneration
 U - a potion of mutation
 X - 2 potions of haste
Books
 w - a book of Callings

   Spells                             Type                      Level
   a - Summon Small Mammal            Summoning                    1
   b - Call Imp                       Summoning                    2
   c - Call Canine Familiar           Summoning                    3
   d - Summon Guardian Golem          Hexes/Summoning              3
   e - Summon Lightning Spire         Summoning/Air                4
   f - Summon Ice Beast               Ice/Summoning                4
 D - a book of Dreams

   Spells                             Type                      Level
   a - Ensorcelled Hibernation        Hexes/Ice                    2
   b - Borgnjor's Vile Clutch         Necromancy/Earth             5
   c - Silence                        Hexes/Air                    5
   d - Darkness                       Hexes                        6
   e - Shadow Creatures               Summoning                    6
Miscellaneous
 k - a lightning rod (4/4)
 v - a sack of spiders
 W - a phial of floods
Comestibles
 c - 53 rations


   Skills:
 + Level 12.6 Fighting
 - Level 3.6 Slings
 + Level 14.8 Armour
 - Level 1.5(3.3) Dodging
 - Level 2.1(4.2) Stealth
 - Level 4.0 Shields
 * Level 13.1(16.7) Spellcasting
 - Level 14.2(16.4) Conjurations
 - Level 4.2(6.7) Summonings
 * Level 4.3(6.9) Necromancy
 - Level 13.0(15.3) Fire Magic
 * Level 6.4(9.1) Earth Magic
 - Level 5.4(8.1) Evocations


You had 15 spell levels left.
You knew the following spells:

 Your Spells              Type           Power        Failure   Level  Hunger
a - Flame Tongue          Conj/Fire      #####        0%          1    None
b - Conjure Flame         Conj/Fire      #######.     0%          3    None
c - Sticky Flame          Conj/Fire      #######.     1%          4    None
d - Inner Flame           Hex/Fire       ######..     1%          3    None
e - Fireball              Conj/Fire      #######...   1%          5    None
f - Regeneration          Chrm/Necr      #####.....   1%          3    None
g - Call Canine Familiar  Summ           ######..     1%          3    None
h - Borgnjor's Vile Clut  Necr/Erth      ######....   2%          5    None


Dungeon Overview and Level Annotations

Branches:
Dungeon (14/15)            Temple (1/1) D:6            Lair (6/6) D:10
 Shoals (4/4) Lair:4        Snake (1/4) Lair:3        Slime (0/5) Lair:5
    Orc (2/2) D:10            Elf (1/3) Orc:2        Vaults (0/5) D:13

Altars:
Ashenzari
Cheibriados
Dithmenos
Elyvilon
Fedhas
Gozag
Hepliaklqana
Kikubaaqudgha
Makhleb
Nemelex Xobeh
Okawaru
Qazlal
Ru
Sif Muna
Trog
Uskayaw
Vehumet
Wu Jian
Xom
Yredelemnul
Zin
The Shining One
Beogh
Jiyva

Shops:
D:6 (   D:8 (   D:13 %   Orc:2 =*[(   Shoals:3 [   Snake:1 (

Annotations:
D:7 exclusion: oklob plant
D:9 exclusions: obsidian statue and orange crystal statue
Shoals:2 Dirian's ghost, adept MiFi
Shoals:3 Bai Suzhen


Innate Abilities, Weirdness & Mutations

You are resistant to torment.
Your stone body is resilient. (AC +12)
You are immune to poison.
Your large and strong wings let you fly indefinitely.
You resist negative energy. (rN+)
You are resistant to electric shocks. (rElec)
You can survive without breathing.
You are immune to petrification.
You are immune to rotting.


Message History

You feel much better. The salamander closely misses you.
The salamander hits you but does no damage.
You block the salamander's attack.
The salamander hits you but does no damage.
As you read the scroll of teleportation, it crumbles to dust.
You feel strangely unstable.
The salamander hits you but does no damage. x2
The salamander hits you from afar with a halberd.
* * * LOW HITPOINT WARNING * * *
You are engulfed in flames!
* * * LOW HITPOINT WARNING * * *
You feel much better.
The salamander hits you but does no damage.
The salamander hits you from afar with a spear.
You are engulfed in flames!
* * * LOW HITPOINT WARNING * * *
The salamander hits you from afar with a halberd!
* * * LOW HITPOINT WARNING * * *
You are engulfed in flames!
You die...

.....).........(.................
...................#....##.....##
.....................)..###....##
.......##...............###....##
.....#####...#..........#.....###
.....####...###...............###
####..##....# ##..............##.
# ##.......###....##............
# ##.....###N.@.####.........##
## ##........N...###.......####*
.####..###....N...##........# #
..##..###......##...........#####
#...N.###...#####................
#..N.###.....###............####.
#....##.......#..............####
.....#.............###........###
...............#..## #.........##


You could see 3 salamanders.

Vanquished Creatures
  Gastronok (Lair:3)
  A kraken (Shoals:3)
  Frances (D:14)
  Ilsuiw (Shoals:4)
  2 orc warlords (Orc:2)
  A deep elf death mage (Elf:1)
  Josephine (D:14)
  10 merfolk impalers
  3 merfolk javelineers (Shoals:4)
  6 hydras
  7 vault guards
  Erolcha (D:12)
  A catoblepas (Lair:6)
  An anaconda (Snake:1)
  3 merfolk avatars (Shoals:4)
  5 naga warriors (Snake:1)
  2 alligator snapping turtles (Shoals:4)
  2 merfolk aquamancers (Shoals:4)
  4 death yaks
  2 centaur warriors (D:14)
  3 two-headed ogres
  4 satyrs
  3 dancing weapons
  3 orc high priests (Orc:2)
  A deep troll shaman (Lair:6)
  3 naga sharpshooters (Snake:1)
  A shock serpent (Snake:1)
  Nergalle (Lair:3)
  A deep elf knight (Elf:1)
  6 sea snakes
  A salamander mystic (Snake:1)
  An unseen horror (D:12)
  A naga ritualist (Snake:1)
  4 deep elf archers (Elf:1)
  22 harpies
  13 deep elf magi
  4 orc knights
  A necromancer (Lair:2)
  2 oklob plants (Lair:5)
  2 ugly things
  3 mana vipers (Snake:1)
  9 cyclopes
  13 manticores
  18 fauns
  5 orc sorcerers
  9 black mambas
  10 merfolk sirens
  6 elephants
  7 water nymphs
  A guardian serpent (Snake:1)
  2 gargoyles
  The ghost of Pawles22 the Charmwright, a novice MfSk of Okawaru (D:5)
  4 naga magi (Snake:1)
  12 spiny frogs
  3 kobold demonologists
  7 komodo dragons
  5 rime drakes
  6 trolls
  A meliai (D:14)
  A queen bee (Lair:3)
  A hornet (D:12)
  3 polar bears
  10 wind drakes
  27 merfolk
  7 blink frogs
  6 slime creatures (D:13)
  5 snapping turtles
  6 dream sheep
  12 hippogriffs
  An air elemental (Elf:1)
  6 wraiths
  A shadow (D:12)
  2 basilisks
  6 water elementals
  A wyvern (D:8)
  15 yaks
  3 hungry ghosts
  A fire bat (shapeshifter) (D:14)
  2 steam dragons (Shoals:1)
  4 wargs
  5 nagas
  7 vampire mosquitoes (D:14)
  13 water moccasins
  An acid dragon (D:14)
  3 soldier ants
  5 porcupines
  36 orc warriors
  6 ice beasts
  2 black bears
  A phantom (D:12)
  2 necrophages
  2 sky beasts
  8 ogres
  3 wolves (Lair:6)
  16 centaurs
  7 crocodiles
  3 big kobolds
  14 bullfrogs
  2 wyvern zombies
  A gnoll sergeant (D:10)
  A wyvern skeleton (D:10)
  2 scorpions
  41 killer bees
  14 wights
  3 electric eels
  4 crimson imps
  A centaur zombie (D:6)
  38 orc priests
  5 hounds
  4 jellies
  29 orc wizards
  2 bullfrog skeletons
  3 centaur skeletons
  An iguana (D:5)
  7 worker ants
  3 yak simulacra (Lair:2)
  2 polar bear simulacra (Lair:2)
  3 wolf simulacra (Lair:2)
  A killer bee zombie (D:8)
  A howler monkey zombie (D:5)
  13 gnolls
  6 shadow imps
  11 adders
  An adder skeleton (D:5)
  2 dart slugs
  5 leopard geckos
  100 orcs
  5 bats
  2 giant cockroaches
  11 goblins
  9 hobgoblins
  4 jackals (D:1)
  5 quokkas
  6 frilled lizards (D:1)
  10 kobolds
  A leopard gecko zombie (D:5)
  7 rats
  3 river rat simulacra (Lair:2)
  9 plants
886 creatures vanquished.

Vanquished Creatures (collateral kills)
  Rupert (Orc:2)
  A salamander mystic (Snake:1)
  A deep elf archer (Elf:1)
  2 deep elf magi (Elf:1)
  A merfolk (Shoals:4)
  An earth elemental (Orc:2)
7 creatures vanquished.

Vanquished Creatures (others)
  A dancing weapon (Elf:1)
  2 orcs (Orc:2)
  8 fungi
  13 plants
  26 tentacles (Shoals:3)
  5 toadstools (D:1)
55 creatures vanquished.

Grand Total: 948 creatures vanquished

Notes
Turn   | Place    | Note
-------+----------+-------------------------------------------
     0 | D:1      | garbagetei the Gargoyle Fire Elementalist began the quest for the Orb.
     0 | D:1      | Reached XP level 1. HP: 10/10 MP: 3/3
   148 | D:1      | Reached XP level 2. HP: 15/15 MP: 3/5
   380 | D:1      | Reached XP level 3. HP: 13/20 MP: 3/6
   767 | D:2      | Learned a level 3 spell: Conjure Flame
   770 | D:2      | Found a sacrificial altar of Ru.
   780 | D:2      | Reached skill level 1 in Fighting
   780 | D:2      | Reached skill level 1 in Slings
   780 | D:2      | Reached XP level 4. HP: 21/25 MP: 4/8
  1488 | D:3      | Found an iron altar of Okawaru.
  1494 | D:3      | Found a deep blue altar of Sif Muna.
  1778 | D:3      | Reached XP level 5. HP: 29/29 MP: 4/9
  2172 | D:4      | Found a sparkling altar of Nemelex Xobeh.
  2173 | D:4      | Found an opulent altar of Gozag.
  2247 | D:3      | Learned a level 4 spell: Sticky Flame
  2681 | D:4      | Noticed an ogre
  2704 | D:4      | Killed an ogre
  2704 | D:4      | Reached XP level 6. HP: 35/35 MP: 2/11
  3226 | D:5      | Entered Level 5 of the Dungeon
  3314 | D:5      | Noticed Pawles22's ghost (novice MfSk)
  3350 | D:5      | Killed Pawles22's ghost
  3350 | D:5      | Reached skill level 5 in Fire Magic
  3350 | D:5      | Reached XP level 7. HP: 24/40 MP: 5/13
  3596 | D:5      | Reached XP level 8. HP: 31/45 MP: 11/14
  3699 | D:5      | Reached skill level 5 in Conjurations
  4053 | D:5      | Found a shadowy altar of Dithmenos.
  4168 | D:5      | Reached skill level 5 in Spellcasting
  4299 | D:5      | Found a burning altar of Makhleb.
  5034 | D:6      | Reached XP level 9. HP: 52/52 MP: 9/17
  5404 | D:6      | Found Huluqaso's Weapon Shoppe.
  5596 | D:6      | Found a staircase to the Ecumenical Temple.
  5607 | Temple   | Entered the Ecumenical Temple
  5612 | Temple   | Became a worshipper of Ashenzari the Shackled
  6245 | D:7      | Found a glowing silver altar of Zin.
  6325 | D:7      | Found a hazy altar of Hepliaklqana.
  6568 | D:7      | Got the uncursed leather armour of the Valley of Death {Int+4 Dex+3}
  6584 | D:7      | Identified the +1 leather armour of the Valley of Death {Int+4 Dex+3} (You took it off an orc on level 7 of the Dungeon)
  6636 | D:7      | Found a blossoming altar of Fedhas.
  6647 | D:7      | Noticed an oklob plant
  6798 | D:7      | Found a stormy altar of Qazlal.
  7438 | D:8      | Reached skill level 1 in Armour
  7438 | D:8      | Reached skill level 1 in Shields
  7780 | D:8      | Noticed a two-headed ogre
  7793 | D:8      | Killed a two-headed ogre
  7793 | D:8      | Reached skill level 5 in Fighting
  7793 | D:8      | Reached XP level 10. HP: 32/59 MP: 15/19
  7833 | D:8      | Found Aguyh's Antique Weapon Shoppe.
  7982 | D:8      | Reached * piety under Ashenzari
  8334 | D:9      | Noticed an obsidian statue
  8347 | D:9      | Got the great sword "Pour" {drain, rPois rF+ SInv}
  8580 | D:9      | Found a sparkling altar of Nemelex Xobeh.
  8840 | D:9      | Noticed an orange crystal statue
  9186 | D:10     | Entered Level 10 of the Dungeon
  9315 | D:10     | Reached skill level 5 in Armour
  9407 | D:10     | Found a staircase to the Lair.
  9961 | Lair:1   | Entered Level 1 of the Lair of Beasts
  9966 | Lair:1   | Learned a level 3 spell: Inner Flame
  9972 | Lair:1   | Learned a level 5 spell: Fireball
 10089 | Lair:1   | Reached XP level 11. HP: 22/64 MP: 2/21
 10767 | Lair:1   | Noticed a seven-headed hydra
 10805 | Lair:1   | Killed a seven-headed hydra
 11148 | Lair:2   | Noticed an eight-headed hydra
 11187 | Lair:2   | Killed an eight-headed hydra
 11617 | Lair:2   | Noticed a seven-headed hydra
 11626 | Lair:2   | Killed a seven-headed hydra
 11855 | Lair:2   | Reached ** piety under Ashenzari
 12056 | Lair:2   | Noticed a necromancer
 12078 | Lair:2   | Killed a necromancer
 12439 | Lair:2   | Reached XP level 12. HP: 72/72 MP: 8/24
 12746 | Lair:3   | Noticed Nergalle
 13475 | Lair:3   | Noticed Gastronok
 13682 | Lair:3   | Killed Nergalle
 13987 | Lair:3   | Found a staircase to the Snake Pit.
 14474 | Lair:3   | Reached skill level 10 in Armour
 15064 | Lair:3   | Killed Gastronok
 15064 | Lair:3   | Reached skill level 10 in Conjurations
 15328 | Lair:4   | Found a staircase to the Shoals.
 15973 | Lair:4   | Reached XP level 13. HP: 78/80 MP: 16/25
 16611 | Lair:4   | Reached skill level 10 in Fire Magic
 17050 | Lair:5   | Reached *** piety under Ashenzari
 17346 | Lair:5   | Found a staircase to the Slime Pits.
 17347 | Lair:5   | Found a viscous altar of Jiyva.
 18161 | Lair:6   | Entered Level 6 of the Lair of Beasts
 21063 | Lair:6   | Learned a level 3 spell: Regeneration
 21273 | D:10     | Reached **** piety under Ashenzari
 21436 | D:10     | Reached skill level 10 in Fighting
 21717 | D:10     | Found a staircase to the Orcish Mines.
 22038 | D:10     | Reached skill level 1 in Evocations
 22046 | D:10     | Found a roughly hewn altar of Beogh.
 22117 | Orc:1    | Entered Level 1 of the Orcish Mines
 22561 | Orc:1    | Gained mutation: Your large and strong wings let you fly indefinitely. [Gargoyle growth]
 22561 | Orc:1    | Reached XP level 14. HP: 23/88 MP: 14/27
 23050 | Orc:2    | Entered Level 2 of the Orcish Mines
 23065 | Orc:2    | Found a staircase to the Elven Halls.
 23590 | Orc:2    | Noticed Rupert
 23608 | Orc:2    | Killed Rupert
 23838 | Orc:2    | Noticed an orc warlord
 23996 | Orc:2    | Killed an orc warlord
 25480 | Orc:2    | Reached skill level 10 in Spellcasting
 26137 | Orc:2    | Noticed an orc warlord
 26208 | Orc:2    | Killed an orc warlord
 26919 | Orc:2    | Found Milamura's Antique Armour Emporium.
 26920 | Orc:2    | Found Xab Mim's Antique Weapon Emporium.
 26921 | Orc:2    | Found Oleulolu's General Store.
 26921 | Orc:2    | Found Axiepnol's Jewellery Shoppe.
 26925 | Orc:2    | Bought a scroll of magic mapping for 45 gold pieces
 26937 | Orc:2    | Bought a pair of embroidered gloves for 240 gold pieces
 27109 | Elf:1    | Entered Level 1 of the Elven Halls
 30524 | D:13     | Noticed Josephine
 30619 | D:13     | Noticed Erolcha
 30624 | D:12     | Killed Erolcha
 30736 | D:13     | Reached XP level 15. HP: 82/93 MP: 17/29
 31150 | D:13     | Found a gate to the Vaults.
 31689 | D:13     | Found Boygus's Food Shoppe.
 31804 | D:13     | Reached skill level 5 in Evocations
 32845 | D:14     | Noticed Frances
 32846 | D:14     | Killed Josephine
 33720 | D:14     | Killed Frances
 34179 | Shoals:1 | Entered Level 1 of the Shoals
 34358 | Snake:1  | Entered Level 1 of the Snake Pit
 34391 | Snake:1  | HP: 4/95 [naga/enchanted dire flail (10)]
 34853 | Lair:5   | Learned a level 3 spell: Call Canine Familiar
 35071 | D:12     | Identified the +2 great sword "Pour" {drain, rPois rF+ SInv} (You found it on level 9 of the Dungeon)
 35337 | Elf:1    | Reached skill level 1 in Summonings
 37846 | Shoals:1 | Reached XP level 16. HP: 83/100 MP: 15/31
 38880 | Shoals:1 | Reached ***** piety under Ashenzari
 41219 | Shoals:2 | Noticed Dirian's ghost (adept MiFi)
 42089 | Shoals:3 | Found Bibischuh's Antique Armour Shoppe.
 42508 | Shoals:3 | Noticed a kraken
 42698 | Shoals:3 | Bought a glowing cloak for 240 gold pieces
 43637 | Shoals:4 | Entered Level 4 of the Shoals
 43794 | Shoals:3 | Killed a kraken
 44535 | Shoals:4 | Learned a level 5 spell: Borgnjor's Vile Clutch
 44720 | Shoals:3 | Reached skill level 1 in Earth Magic
 44748 | Shoals:3 | Reached XP level 17. HP: 97/106 MP: 21/33
 44751 | Shoals:3 | Reached skill level 1 in Necromancy
 46095 | Shoals:4 | Noticed Bai Suzhen
 46197 | Shoals:4 | Noticed Ilsuiw
 46386 | Shoals:4 | Killed Ilsuiw
 47784 | Shoals:4 | Reached skill level 5 in Earth Magic
 48485 | Shoals:4 | Got a barnacled rune of Zot
 49661 | Snake:1  | Found Leurhaen's Antique Weapon Emporium.
 50648 | Snake:1  | HP: 4/108 [salamander/halberd (12)]
 50651 | Snake:1  | Slain by a salamander

Skill      XL: |  1  2  3  4  5  6  7  8  9 10 11 12 13 14 15 16 17 |
---------------+----------------------------------------------------+-----
Conjurations   | 2 3 4 6 7 8 9 10 11 12 13 14 | 14.2
Fighting       | 1 2 3 5 6 7 9 10 11 12 | 12.6
Slings         | 1 2 3 |  3.6
Spellcasting   | 3 4 5 6 7 8 9 10 11 12 13 | 13.1
Fire Magic     | 4 5 6 7 8 9 10 11 12 13 | 13.0
Armour         | 3 6 8 10 12 13 14 | 14.8
Shields        | 3 4 |  4.0
Evocations     | 1 4 5 |  5.4
Summonings     | 2 4 |  4.2
Earth Magic    | 1 6 |  6.4
Necromancy     | 4 |  4.3
Dodging        | |  1.5
Stealth        | |  2.1

Action                   |  1- 3 |  4- 6 |  7- 9 | 10-12 | 13-15 | 16-18 || total
-------------------------+-------+-------+-------+-------+-------+-------++-------
Melee: Hunting sling     |     5 |       |       |       |       |       ||     5
       Unarmed           |     4 |     6 |       |       |       |       ||    10
       Short sword       |    45 |   113 |       |       |       |       ||   158
       Whip              |       |       |   119 |       |   246 |       ||   365
       Dagger            |       |       |    73 |       |       |       ||    73
       Staff             |       |       |       |       |    35 |   146 ||   181
 Fire: Hunting sling     |       |       |    29 |   251 |   204 |       ||   484
Throw: Stone             |       |       |       |       |       |     2 ||     2
 Cast: Flame Tongue      |    27 |    64 |    35 |    47 |   113 |    70 ||   356
       Conjure Flame     |       |     1 |       |     1 |     2 |       ||     4
       Sticky Flame      |       |     2 |    34 |   132 |   295 |    93 ||   556
       Fireball          |       |       |       |    28 |   195 |   271 ||   494
       Inner Flame       |       |       |       |       |     2 |       ||     2
       Regeneration      |       |       |       |       |     5 |       ||     5
       Call Canine Famil |       |       |       |       |    17 |    12 ||    29
       Borgnjor's Vile C |       |       |       |       |       |    19 ||    19
Invok: Curse Item        |       |       |       |     2 |     2 |     2 ||     6
 Abil: Fly               |       |       |       |       |     1 |       ||     1
Evoke: Wand              |       |       |       |       |    40 |    10 ||    50
  Use: Scroll            |     8 |     5 |     2 |     2 |    22 |     8 ||    47
       Potion            |       |     1 |     1 |       |     4 |     2 ||     8
 Stab: Sleeping          |     1 |     4 |       |       |       |       ||     5
       Distracted        |       |       |       |       |     2 |       ||     2
  Eat: Chunk             |       |     7 |    11 |    42 |    91 |    40 ||   191
       Ration            |       |       |     3 |     2 |     1 |       ||     6
Armor: Robe              |    28 |    45 |    82 |       |       |       ||   155
       Skin              |       |    20 |       |       |       |       ||    20
       Leather armour    |       |       |    11 |   195 |   506 |   393 ||  1105
Dodge: Dodged            |    42 |    76 |   151 |   258 |   523 |   337 ||  1387
Block: Buckler           |       |       |     7 |   105 |   216 |   140 ||   468
